Vis, lawful male human Samurai ---------------- ----- ---------- ----------------- ----- |>.^-.|..|.....| |...........%[)%.| |......)........| |...| ----|^|.--.---.| ----^.........-----.-----[.).---........---.|.| |.|.|..| |.| |......^..(...| |....%..---- --...........|-- |...-..| |.| ---.......------- --------..---......------- ------------ |^| |....|...-- ....%..%....---- |.....-....---.| |....|... ..----------- |.....|.|......| |......-- ..%%| |.....| |------- ||..| --%...-- ....--------------- |...&&---......---...- |...-- |.(.....%..........| |..@&......--........-- --.%.| |...--.....%%%.....| |.``%.|...----........------....| |...--.............-- |(`...|--......---...^.......---- |......%-----%---...-- |%(``.| -------- ......--- -----..%.| |.| |....--- |.....| --..| |.--------.-- -)....---- ------- ...| -----...........---......%..| ..| ....*.--------...........---- ------- |......<..---- |.|....... --- Vis the Ryoshu Experience level: 17 Strength: 18/15 Dexterity: 18 Constitution: 18 Intelligence: 14 Wisdom: 16 Charisma: 9 Health: 0(137) Energy: 74(93) Def: 19 Gold: 160 Moves: 36007 Dungeon seed: GQ1SDnx9xWLXPwud Game ID: Vis_1465493382 Your Inventory: Coins $ - 160 gold pieces Amulets i - an uncursed amulet of ESP (being worn) Weapons c - a +0 yumi d - 38 +0 ya (in quiver) j - a blessed rustproof +2 katana (wielded in other hand) k - the blessed rustproof +3 Excalibur (weapon in hand) l - the blessed +0 Tsurugi of Muramasa Armor n - an uncursed +0 gray dragon scale mail (being worn) o - an uncursed very rusty very corroded +0 pair of gauntlets of power r - an uncursed +0 cloak of invisibility (being worn) u - a cursed +0 pair of levitation boots y - an uncursed burnt +0 elven leather helm (being worn) Y - an uncursed +0 Hawaiian shirt Z - an uncursed +0 pair of speed boots (being worn) Spellbooks A - an uncursed spellbook of identify Rings m - an uncursed ring of conflict t - an uncursed ring of free action (on left hand) z - an uncursed ring of slow digestion (on right hand) U - a blessed ring of levitation W - an uncursed ring of cold resistance Wands g - a wand of nothing (0:6) E - a wand of fire (0:4) F - a wand of cancellation (0:4) O - a wand of magic missile (0:7) P - a wand of cancellation (0:2) V - a wand of slow monster (0:6) Tools a - a +0 unicorn horn e - a +0 pick-axe p - a magic marker (0:42) q - a magic marker (0:0) s - a blessed bag of holding x - an uncursed stethoscope C - the Bell of Opening (0:0) H - an uncursed very rusty osaku K - an uncursed tallow candle (0:200) R - a magic marker (0:0) T - an uncursed towel X - a magic flute (0:0) Gems h - an uncursed touchstone N - 2 uncursed flint stones Contents of the bag of holding: 6605 gold pieces an uncursed amulet of ESP an uncursed amulet versus poison the rustproof +0 Snickersnee a cursed -2 silver dagger an uncursed +0 cloak of displacement a cursed -1 helm of opposite alignment a blessed +0 helm of telepathy an uncursed banana an uncursed cream pie 4 uncursed gunyoki an uncursed tripe ration 2 uncursed scrolls of amnesia 5 uncursed scrolls of blank paper 2 blessed scrolls of charging 4 uncursed scrolls of confuse monster a blessed scroll of create monster 13 uncursed scrolls of create monster 2 cursed scrolls of create monster 2 uncursed scrolls of destroy armor an uncursed scroll of earth a cursed scroll of earth an uncursed scroll of enchant armor an uncursed scroll of enchant weapon a cursed scroll of enchant weapon an uncursed scroll of gold detection an uncursed scroll of identify 2 cursed scrolls of identify 7 uncursed scrolls of light a cursed scroll of light 2 blessed scrolls of magic mapping an uncursed scroll of magic mapping 2 uncursed scrolls of punishment an uncursed scroll of remove curse an uncursed scroll of stinking cloud 5 uncursed scrolls of teleportation 2 cursed scrolls of teleportation 4 uncursed potions of acid a cursed potion of acid an uncursed potion of blindness 4 uncursed potions of confusion an uncursed potion of enlightenment a cursed potion of enlightenment a blessed potion of extra healing 2 uncursed potions of extra healing 2 cursed potions of fruit juice a blessed potion of full healing 9 uncursed potions of full healing an uncursed potion of gain ability an uncursed potion of gain level an uncursed potion of hallucination a blessed potion of healing 2 uncursed potions of healing 15 potions of holy water an uncursed potion of invisibility an uncursed potion of levitation a cursed potion of monster detection 2 blessed potions of object detection 6 uncursed potions of object detection 2 cursed potions of object detection 3 uncursed potions of oil a blessed potion of paralysis 2 uncursed potions of paralysis an uncursed potion of restore ability a cursed potion of sickness an uncursed potion of sleeping 2 uncursed potions of speed a potion of unholy water 13 uncursed potions of water an uncursed +0 ring of adornment an uncursed ring of fire resistance an uncursed +0 ring of gain constitution an uncursed -1 ring of gain constitution a blessed +2 ring of gain strength an uncursed +1 ring of increase damage an uncursed +1 ring of increase damage an uncursed ring of invisibility a cursed ring of invisibility an uncursed +0 ring of protection an uncursed ring of searching an uncursed ring of searching an uncursed ring of shock resistance an uncursed ring of slow digestion an uncursed ring of slow digestion an uncursed ring of stealth a wand of cold (0:2) a wand of create monster (0:11) a wand of death (0:5) a wand of digging (0:8) a wand of digging (0:7) a wand of digging (0:7) a wand of digging (0:7) a wand of digging (0:6) a wand of digging (0:3) a wand of fire (0:8) a wand of fire (0:6) a cursed wand of fire (0:5) a cursed wand of fire (0:4) a wand of fire (0:-1) a wand of magic missile (0:8) a wand of magic missile (0:7) a wand of magic missile (0:6) a cursed wand of magic missile (0:6) a wand of magic missile (0:5) a wand of magic missile (0:4) a wand of magic missile (0:3) a wand of make invisible (0:7) a wand of make invisible (0:7) a wand of make invisible (0:7) a wand of make invisible (0:5) a cursed wand of secret door detection (0:7) a wand of sleep (0:7) a wand of slow monster (0:4) a wand of speed monster (0:4) a wand of speed monster (0:3) a wand of striking (0:8) a wand of striking (0:6) a wand of striking (0:5) a wand of striking (0:4) a wand of striking (0:4) a wand of striking (0:3) a wand of striking (0:3) a wand of teleportation (0:7) a cursed wand of teleportation (0:3) a wand of wishing (0:1) 5 uncursed tallow candles (0:200) 7 uncursed wax candles (0:400) 2 uncursed amethyst stones an uncursed chrysoberyl stone 3 uncursed citrine stones 2 uncursed diamonds 3 uncursed emeralds 2 uncursed fluorite stones 2 uncursed jade stones 2 cursed jade stones 3 uncursed jasper stones 3 uncursed jet stones an uncursed opal an uncursed ruby an uncursed turquoise stone an uncursed worthless piece of orange glass 5 uncursed worthless pieces of red glass Spells and supernatural/magical abilities: Name Level Category Fail Memory i - invisibility 4 escape 100% 57% n - detect monsters 1 divination 46% 57% p - protection 1 clerical 46% 55% r - remove curse 3 clerical 46% 50% s - slow monster 2* enchantment 49% 0% v - clairvoyance 3 divination 92% 75% x - extra healing 3 healing 100% 58% z - sleep 1 enchantment 46% 76% A - create familiar 6 clerical 100% 75% C - cancellation 7 matter 100% 57% H - haste self 3 escape 100% 57% I - identify 3 divination 100% 98% S - stone to flesh 3 healing 100% 100% U - detect unseen 3 divination 100% 84% W - pray for help -- divine ? -- Your skills at the end: Fighting Skills martial arts [Basic] two weapon combat [Expert] Weapon Skills short sword [Basic] long sword [Expert] bow [Basic] Spellcasting Skills clerical spells [Basic] Final Attributes: You were piously aligned. You were fire resistant. You were cold resistant. You were sleep resistant. You were shock resistant. You were poison resistant. You were level-drain resistant. You were magic-protected. You saw invisible. You were telepathic. You had automatic searching. You were invisible to others. You were stealthy. You were held by a pit fiend. You had slower digestion. You were protected. You were very fast. You had free action. You were wielding two weapons at once. You were extremely lucky. You had extra luck. Good luck did not time out for you. You are dead. Vanquished creatures: Medusa 2 gray dragons a silver dragon a red dragon a white dragon a yellow dragon a minotaur Ashikaga Takauji 5 stone golems a Nazgul a titanothere a baby silver dragon 10 vampire lords an aligned priest a captain 4 liches 3 clay golems 2 nurses an ice devil a lurker above 6 black puddings 8 vampires 20 ghosts a lieutenant 10 samurai a winged gargoyle 3 giant mimics 4 zruties a fire giant 4 ogre kings 4 ice trolls 3 rock trolls 2 flesh golems an Elvenking a doppelganger 10 large mimics 3 long worms a couatl 30 stalkers 2 air elementals a fire elemental 3 earth elementals a water elemental 5 hill giants 4 giant mummies a black naga 3 xorns 8 giant zombies 8 elf-lords 9 sergeants a vrock 4 wargs 4 winter wolves 14 small mimics a glass piercer 4 warhorses 2 xans an ettin mummy 4 ogre lords 6 quantum mechanics 28 trolls 2 sasquatches a wood golem a gelatinous cube a pyrolisk 2 large dogs 7 freezing spheres 6 flaming spheres 2 shocking spheres 4 large cats 5 tigers 5 gargoyles 3 tengu 2 ochre jellies 4 leocrottas 8 mountain centaurs a stone giant 2 elf mummies 2 red nagas 5 pit vipers a python 4 cobras 24 wraiths 7 carnivorous apes 11 ettin zombies 6 Grey-elves 28 soldiers a watchman 4 incubi 3 chameleons 2 crocodiles 3 giant beetles 4 quivering blobs 15 cockatrices 101 wolves 11 winter wolf cubs 5 lynxes 2 panthers 6 gremlins a spotted jelly 21 leprechauns 3 orc-captains an iron piercer 8 giant spiders 2 scorpions 2 horses an ice vortex 4 black lights 2 vampire bats 3 forest centaurs 8 gnome kings 3 orc mummies 3 dwarf mummies 3 ogres 4 brown puddings 9 rust monsters 7 owlbears 5 yetis a gold golem 4 werewolves 2 Green-elves a giant eel 5 lizards 20 ninja 6 roshis 7 chickatrices 3 dogs 5 dingos 5 housecats a jaguar 3 dwarf lords 4 blue jellies 2 gray unicorns 2 black unicorns a dust vortex 3 ravens 4 plains centaurs 4 gnome mummies 4 snakes 7 water moccasins 6 apes 6 human zombies 5 Woodland-elves 7 soldier ants 3 fire ants 24 bugbears 4 imps 3 quasits 3 wood nymphs 6 water nymphs 6 mountain nymphs 5 Mordor orcs an Uruk-hai 8 orc shamans 9 rock piercers 4 rock moles 7 ponies 3 fog clouds 2 yellow lights 7 shriekers 2 violet fungi 28 gnome lords 10 gnomish wizards 6 kobold mummies a red naga hatchling 4 black naga hatchlings a golden naga hatchling a guardian naga hatchling 4 gray oozes a barrow wight 9 elf zombies 13 ghouls 3 straw golems 2 paper golems 11 giant ants 2 little dogs 9 floating eyes 2 kittens 9 dwarves 5 homunculi 4 kobold lords 2 kobold shamans 30 hill orcs 21 rothes 3 rabid rats 2 centipedes 9 giant bats 3 monkeys 8 orc zombies 14 dwarf zombies 5 wererats 3 werejackals 12 iguanas 34 killer bees 3 acid blobs 4 coyotes 7 gas spores 4 hobbits 7 manes a large kobold 34 hobgoblins 18 giant rats 10 cave spiders a brown mold 5 yellow molds 2 green molds 3 red molds 76 gnomes 26 garter snakes 8 gnome zombies 14 geckos 17 jackals 5 foxes 3 kobolds 15 goblins 5 sewer rats 11 grid bugs 15 bats 5 lichens 10 kobold zombies 4 newts 1457 creatures vanquished. Voluntary challenges: You used a wielded weapon 2259 times, starting on turn 25. You read items or engraved 244 times, starting on turn 623. You never genocided any monsters. You never polymorphed an object. You never changed form. You used 4 wishes, starting on turn 9. You wished for your your first artifact on turn 19660. You split 6 puddings, starting on turn 12526. You never wrote Elbereth's name. You violated your moral code, losing 14 points of alignment, starting on turn 1490. Dungeon overview: The Dungeons of Doom: levels 1 to 25 Level 1 a long staircase Level 2 a general store stairs to The Gnomish Mines Level 3 a hardware shop Level 4 Level 5 Level 6 Level 7 a general store stairs to Sokoban Level 8 a general store Level 9 a temple to Amaterasu Omikami Level 10 Level 11 Level 12 Level 13 portal to The Quest Level 14 an altar to Amaterasu Omikami Level 15 a fountain Level 16 a fountain Level 17 Level 18 Level 19 Level 20 a fountain Level 21 a fountain Level 22 Level 23 a fountain Level 24 Level 25 a fountain Gehennom: levels 26 to 27 Level 26 <- You were here a temple to Moloch stairs to The Dungeons of Doom Level 27 The Gnomish Mines: levels 3 to 11 Level 3 stairs to The Dungeons of Doom Level 4 Level 5 Level 6 many shops, a temple to Susanowo, some fountains Level 7 Level 8 Level 9 Level 10 Level 11 The Quest: levels 1 to 5 Level 1 portal to The Dungeons of Doom Level 2 Level 3 Level 4 Level 5 Sokoban: levels 3 to 6 Level 3 Level 4 Level 5 Level 6 stairs to The Dungeons of Doom History has recorded: On T:1 you entered the Dungeons of Doom to retrieve the Amulet of Yendor! On T:9 you wished for "blessed +2 gray dragon scale mail". On T:120 you reached level 2 of The Dungeons of Doom. On T:544 you reached level 3 of The Dungeons of Doom. On T:627 you advanced to experience level 2. On T:733 you reached level 1 of The Gnomish Mines. On T:735 you advanced to experience level 3. On T:835 you reached level 2 of The Gnomish Mines. On T:851 you advanced to experience level 4. On T:943 you reached level 3 of The Gnomish Mines. On T:957 you advanced to experience level 5. On T:1135 you reached level 4 of The Gnomish Mines. On T:1265 you advanced to experience level 6. On T:1538 you advanced to experience level 7. On T:2221 you reached level 4 of The Dungeons of Doom. On T:2537 you reached level 5 of The Dungeons of Doom. On T:2913 you reached level 6 of The Dungeons of Doom. On T:3142 you reached level 7 of The Dungeons of Doom. On T:3227 you advanced to experience level 8. On T:3318 you reached level 4 of Sokoban. On T:3601 you reached level 3 of Sokoban. On T:4108 you reached level 2 of Sokoban. On T:4482 you reached level 1 of Sokoban. On T:5781 you reached level 8 of The Dungeons of Doom. On T:5852 you reached level 9 of The Dungeons of Doom. On T:6106 you reached level 10 of The Dungeons of Doom. On T:6120 you advanced to experience level 9. On T:6995 you reached level 5 of The Gnomish Mines. On T:7289 you reached level 6 of The Gnomish Mines. On T:7922 you reached level 7 of The Gnomish Mines. On T:8243 you reached level 8 of The Gnomish Mines. On T:8434 you reached level 9 of The Gnomish Mines. On T:9479 you advanced to experience level 10. On T:11370 you received Snickersnee from Amaterasu Omikami. On T:12205 you reached level 11 of The Dungeons of Doom. On T:12522 you reached level 12 of The Dungeons of Doom. On T:12967 you reached level 13 of The Dungeons of Doom. On T:13130 you advanced to experience level 11. On T:14081 you reached level 14 of The Dungeons of Doom. On T:14186 you reached level 15 of The Dungeons of Doom. On T:14680 you reached level 16 of The Dungeons of Doom. On T:16753 you reached level 17 of The Dungeons of Doom. On T:17126 you reached level 18 of The Dungeons of Doom. On T:17174 you reached level 19 of The Dungeons of Doom. On T:17557 you reached level 20 of The Dungeons of Doom. On T:17591 you reached level 21 of The Dungeons of Doom. On T:19603 you advanced to experience level 12. On T:19660 you wished for "blessed +2 Grayswandir". On T:20133 you reached level 22 of The Dungeons of Doom. On T:20222 you reached level 23 of The Dungeons of Doom. On T:21136 you advanced to experience level 13. On T:21137 you advanced to experience level 14. On T:21138 you advanced to experience level 15. On T:21557 you reached level 1 of The Quest. On T:21757 you embarked upon an epic quest. On T:21781 you reached level 2 of The Quest. On T:21896 you reached level 3 of The Quest. On T:22396 you reached level 4 of The Quest. On T:22882 you reached level 5 of The Quest. On T:23165 you killed Ashikaga Takauji on level 5 of The Quest. On T:23562 you advanced to experience level 16. On T:24135 you completed the quest! On T:28237 you reached level 24 of The Dungeons of Doom. On T:33135 you reached The Castle. On T:33682 you wished for "blessed scrolls of charging". On T:33690 you wished for "blessed ring of levitation". On T:34180 you killed Medusa on level 24 of The Dungeons of Doom. On T:34808 you reached The Valley of the Dead. On T:35527 you reached level 2 of Gehennom. On T:35932 you advanced to experience level 17. Score breakdown: Gold: 6765 (13029 points) Experience: 17 levels (22283 points) Exploration: 27 levels ( 57.45%) (22554 points) Discoveries: 94 items ( 38.21%) (18544 points) Valuables value: (no points given unless you survive) Artifact value: 13500 (14050 points) Variety of kills: 221 monsters ( 58.01%) (22848 points) Turncount: 36007 turns (-4271 points) Survival: died (score multiplied by 80%) Total score: 87229 Latest messages: The pit fiend swings its nunchaku. The pit fiend misses. You are being crushed. The pit fiend drinks a potion of gain level! The pit fiend seems more experienced. The pit fiend swings its nunchaku. The pit fiend hits! The pit fiend swings its nunchaku. The pit fiend hits! You are being crushed. The pit fiend hits! (2x) The pit fiend swings its nunchaku. The pit fiend hits! The pit fiend swings its nunchaku. The pit fiend hits! You are being crushed. The pit fiend hits! (2x) The pit fiend swings its nunchaku. The pit fiend hits! The pit fiend swings its nunchaku. The pit fiend hits! You are being crushed. The pit fiend hits! (2x) The pit fiend swings its nunchaku. The pit fiend hits! You die... Final status: Sayonara Vis the Samurai, killed by a pit fiend, while frozen by a spellbook... You died in Gehennom on dungeon level 26 with 87229 points, and 6765 pieces of gold, after 36007 moves. You were level 17 with a maximum of 137 hit points when you died.